 Dungeon Crawl Stone Soup version 0.20.0-15-g7f486f2 (webtiles) character file.

343 polve the Slasher (level 6, -8/32 HPs)
             Began as a Vine Stalker Fighter on June 30, 2017.
             Mangled by Duvessa
             ... wielding a +0 short sword
              (9 damage)
             ... on level 4 of the Dungeon.
             The game lasted 00:06:55 (2296 turns).

polve the Slasher (Vine Stalker Fighter)            Turns: 2296, Time: 00:06:56

Health: -8/32      AC:  6    Str: 19    XL:     6   Next: 57%
Magic:  0/7        EV:  7    Int: 13    God:
Gold:   84         SH:  9    Dex: 15    Spells: 5/5 levels left

rFire    . . .     SeeInvis .   a - +0 long sword
rCold    . . .     Gourm    .   c - +0 shield
rNeg     . . .     Faith    .   b - +0 scale mail
rPois    .         Spirit   +   (no helmet)
rElec    .         Reflect  .   (no cloak)
rCorr    .         Harm     .   (no gloves)
MR       .....                  (no boots)
Stlth    ..........             (no amulet)
Regen    0.5/turn               (no ring)
MPRegen  0.1/turn               (no ring)

@: brilliant, flying, hasted, very quick
A: fangs 2, regeneration 1, magic shield, antimagic bite, no potion heal 3, rot
immunity
a: no special abilities


You were on level 4 of the Dungeon.
You were not hungry.

You visited 1 branch of the dungeon, and saw 4 of its levels.
You also visited: Sewer.

You collected 84 gold pieces.

Inventory:

Hand Weapons
 a - a +0 long sword (weapon)
Armour
 b - a +0 scale mail (worn)
 c - a +0 shield (worn)
 k - a cursed +0 pair of gloves
 r - a +0 pair of boots
Wands
 q - a wand of polymorph (11/24)
Scrolls
 e - a scroll of enchant weapon {unknown}
 h - 3 scrolls of identify {unknown}
 j - 3 scrolls of remove curse {unknown}
 l - 3 scrolls of fear {unknown}
 o - a scroll of recharging {unknown}
 p - 2 scrolls of teleportation {unknown}
 s - a scroll of magic mapping {unknown}
 w - a scroll of blinking {unknown}
Potions
 i - a potion of curing
 m - a potion of brilliance
 u - a potion of haste
 v - 3 potions of flight
Comestibles
 f - 2 bread rations
 n - a meat ration


   Skills:
 - Level 3.0 Fighting
 + Level 6.0 Long Blades
 - Level 2.4 Armour
 - Level 2.6 Shields


You had 5 spell levels left.
You didn't know any spells.

Dungeon Overview and Level Annotations

Branches:
Dungeon (4/15)
 Temple: D:4-7

Altars:

Annotations:
D:4 Duvessa


Innate Abilities, Weirdness & Mutations

You have extremely sharp teeth.
Your natural rate of healing is unusually fast.
When hurt, damage is shared between your health and your magic reserves.
Your bite disrupts and absorbs the magic of your enemies.
Potions cannot restore your health.
You are immune to rotting.


Message History

You bite Duvessa, but do no damage.
Duvessa is lightly wounded.
Duvessa hits you with a short sword.
* * * LOW HITPOINT WARNING * * *
You closely miss Duvessa. You bite Duvessa, but do no damage.
Duvessa is lightly wounded.
Duvessa hits you but does no damage.
You slash Duvessa! You bite Duvessa. You drain her power.
You feel invigorated.
Duvessa is moderately wounded.
Duvessa hits you but does no damage.
You hit Duvessa. You bite Duvessa. You drain her power.
Duvessa is heavily wounded.
Duvessa hits you with a short sword.
* * * LOW HITPOINT WARNING * * *
You slash Duvessa! Your bite misses Duvessa.
Duvessa is severely wounded.
Duvessa hits you with a short sword!
* * * LOW HITPOINT WARNING * * *
Duvessa hits you with a short sword!
You die...

............. #.#.#
.........s.. #....#
........... .....#
..........# .....#
........... .....#
...........###.....#
..........#..e.....#
.......<....)@.....#
..........###.#....#
###.#..............#
# ###########.##.#
... # ###


You could see Duvessa (berserk).

Vanquished Creatures
  Purgy (Sewer)
  Dowan (D:4)
  The ghost of vishdafish the Sneak, a weakling NaEn (D:3)
  A worker ant (D:3)
  4 adders
  A river rat (D:3)
  An ooze (D:2)
  2 worms
  5 leopard geckos
  6 orcs (D:3)
  3 ball pythons
  3 giant cockroaches
  8 goblins
  3 hobgoblins
  13 jackals
  A quokka (D:3)
  7 bats
  5 frilled lizards
  6 kobolds
  7 rats
79 creatures vanquished.

Notes
Turn   | Place    | Note
-------+----------+-------------------------------------------
     0 | D:1      | polve the Vine Stalker Fighter began the quest for the Orb.
     0 | D:1      | Reached XP level 1. HP: 11/11 MP: 2/2
    24 | D:1      | Reached skill level 2 in Long Blades
    78 | D:1      | Reached XP level 2. HP: 9/16 MP: 1/3
   880 | D:1      | Reached skill level 3 in Long Blades
   943 | D:2      | Reached XP level 3. HP: 19/19 MP: 4/4
  1117 | D:2      | Gained mutation: Your natural rate of healing is unusually fast. [Vine Stalker growth]
  1117 | D:2      | Reached XP level 4. HP: 18/24 MP: 5/5
  1462 | D:3      | Reached skill level 4 in Long Blades
  1478 | D:3      | Noticed vishdafish's ghost (weakling NaEn)
  1485 | D:3      | Killed vishdafish's ghost
  1485 | D:3      | Reached XP level 5. HP: 16/28 MP: 4/6
  1637 | D:3      | Found a faded altar of an unknown god.
  1874 | D:3      | Reached skill level 5 in Long Blades
  1935 | D:3      | Found a glowing drain.
  1969 | Sewer    | Entered a sewer
  2050 | Sewer    | Noticed Purgy
  2072 | Sewer    | Killed Purgy
  2072 | Sewer    | Reached XP level 6. HP: 19/32 MP: 5/7
  2262 | D:4      | Noticed Dowan
  2286 | D:4      | Noticed Duvessa
  2287 | D:4      | Killed Dowan
  2287 | D:4      | Reached skill level 6 in Long Blades
  2296 | D:4      | HP: 1/32 [Duvessa/short sword (7)]
  2296 | D:4      | Mangled by Duvessa

Skill      XL: |  1  2  3  4  5  6 |
---------------+-------------------+-----
Long Blades    | 2 3 4 5 6 |  6.0
Fighting       | 3 |  3.0
Armour         | |  2.4
Shields        | |  2.6

Action                   |  1- 3 |  4- 6 || total
-------------------------+-------+-------++-------
Melee: Long sword        |    73 |   147 ||   220
       Bite              |    20 |    52 ||    72
  Use: Potion            |       |     7 ||     7
  Eat: Chunk             |     1 |     4 ||     5
Armor: Scale mail        |    46 |    75 ||   121
Dodge: Dodged            |    25 |    47 ||    72
Block: Shield            |    60 |    81 ||   141
       Rpst.: Long sword |    11 |    15 ||    26
